MID
BELOIT SNAPPERS @ WISCONSIN TIMBER RATTLERS
06/05/2099
 
TOP OF THE 1ST
Beloit Snappers batting - Pitching for Wisconsin Timber Rattlers : RHP J.D. Ingerman
Pitching: RHP J.D. Ingerman
Batting: LHB Craig Svare 0-0: Ground out 6-3 (Groundball, 6, EV 86.3 MPH)
Batting: LHB Chris Taylor 0-0: Ground out 4-3 (Groundball, 4, EV 86.3 MPH)
Batting: RHB Justin Hagwood 0-0: Ball
1-0: Called Strike
1-1: Foul Ball, location: 5F
1-2: Ball
2-2: Strikes out swinging
Top of the 1st over - 0 runs, 0 hits, 0 errors, 0 left on base; Beloit 0 - Wisconsin 0
BOTTOM OF THE 1ST
Wisconsin Timber Rattlers batting - Pitching for Beloit Snappers : RHP Rick Frechette
Pitching: RHP Rick Frechette
Batting: LHB Bill Kruzich 0-0: Called Strike
0-1: Ball
1-1: Ball
2-1: Ball
3-1: Base on Balls
Batting: SHB Kevin Warren 0-0: Ball
1-0: Ball
2-0: Called Strike
2-1: Ball
3-1: Called Strike
3-2: Strikes out swinging
Bill Kruzich steals 2nd base
Batter strikes out.
Batting: LHB James Fortson 0-0: Called Strike
0-1: Ball
1-1: Called Strike
1-2: SINGLE (Line Drive, 8RS, EV 92.5 MPH)
Bill Kruzich to third
Runner from 3rd tries for Home, SAFE, throw by CF to home
James Fortson to second
Batting: LHB Mike Earls 0-0: Ball
1-0: Ball
2-0: Called Strike
2-1: Foul Ball, location: 2F
2-2: SINGLE (Groundball, 6MD, EV 108.8 MPH)
James Fortson to third
Runner from 3rd tries for Home, SAFE, throw by CF to home
Batting: RHB Chris Law 0-0: Called Strike
0-1: Called Strike
Mike Earls steals 2nd base
0-2: Foul Ball, location: 3F
0-2: Ball
1-2: SINGLE (Flyball, 8RS, EV 98.8 MPH)
Mike Earls to third
Runner from 3rd tries for Home, SAFE, throw by CF to home
Chris Law to second
Batting: SHB Jamel Cook 0-0: Swinging Strike
0-1: Foul Ball, location: 2F
0-2: SINGLE (Line Drive, 78S, EV 93.8 MPH)
Chris Law to third
Batting: LHB Ben Sylvain 0-0: Swinging Strike
0-1: Ball
1-1: Ball
2-1: SINGLE (Line Drive, 6D, EV 101.9 MPH)
Chris Law scores
Jamel Cook to second
Batting: RHB John Taira 0-0: Ball
1-0: SINGLE (Groundball, 6MD, EV 101.9 MPH)
Jamel Cook to third
Ben Sylvain to second
Batting: LHB Tyler Simpson 0-0: Ball
1-0: Ball
2-0: Called Strike
2-1: Foul Ball, location: 2F
2-2: Foul Ball, location: 2F
2-2: Strikes out swinging
Batting: LHB Bill Kruzich 0-0: Swinging Strike
0-1: Ball
1-1: Ball
2-1: Foul Ball, location: 23FF
2-2: Ball
3-2: DOUBLE (Flyball, 78XD, EV 103.1 MPH)
Jamel Cook scores
Ben Sylvain scores
John Taira to third
John Taira scores
Batting: SHB Kevin Warren 0-0: Swinging Strike
0-1: Ball
1-1: Swinging Strike
1-2: Strikes out swinging
Bottom of the 1st over - 7 runs, 7 hits, 0 errors, 1 left on base; Beloit 0 - Wisconsin 7
TOP OF THE 2ND
Beloit Snappers batting - Pitching for Wisconsin Timber Rattlers : RHP J.D. Ingerman
Batting: RHB David Salinas 0-0: Fly out, F9 (Line Drive, 89M, EV 87.5 MPH)
Batting: SHB Keith Lirette 0-0: Ball
1-0: Foul Ball, location: 2F
1-1: Swinging Strike
1-2: Ball
2-2: Foul Ball, location: 2RF
2-2: Foul Ball, location: 2F
2-2: Strikes out swinging
Batting: RHB Curt Lowery 0-0: Called Strike
0-1: Swinging Strike
0-2: Ball
1-2: SINGLE (Line Drive, 9S, EV 89.4 MPH)
Batting: LHB Andres Rivera 0-0: Ball
1-0: Ball
2-0: Ball
3-0: Base on Balls
Curt Lowery to second
Batting: SHB Dave Feltham 0-0: Called Strike
0-1: Ball
1-1: Called Strike
1-2: Ball
2-2: Strikes out swinging
Top of the 2nd over - 0 runs, 1 hit, 0 errors, 2 left on base; Beloit 0 - Wisconsin 7
BOTTOM OF THE 2ND
Wisconsin Timber Rattlers batting - Pitching for Beloit Snappers : RHP Rick Frechette
Batting: LHB James Fortson 0-0: Ball
1-0: Called Strike
1-1: Ball
2-1: Ball
3-1: Foul Ball, location: 7LMF
3-2: Foul Ball, location: 2F
3-2: Foul Ball, location: 7LSF
3-2: Ground out 2-3 (Groundball, 2L, EV 73.1 MPH)
Pitching: RHP Alex Medrano
Batting: LHB Mike Earls 0-0: Swinging Strike
0-1: Ball
1-1: Foul Ball, location: 7LSF
1-2: Ball
2-2: SOLO HOME RUN (Flyball, 89XD, EV 101.3 MPH), Distance : 407 ft
Batting: RHB Chris Law 0-0: Ball
1-0: Ball
2-0: Called Strike
2-1: Ball
3-1: Foul Ball, location: 7LMF
3-2: Foul Ball, location: 2F
3-2: Strikes out looking
Batting: SHB Jamel Cook 0-0: Ball
1-0: Fly out, F7 (Line Drive, 7, EV 89.4 MPH)
Bottom of the 2nd over - 1 run, 1 hit, 0 errors, 0 left on base; Beloit 0 - Wisconsin 8
TOP OF THE 3RD
Beloit Snappers batting - Pitching for Wisconsin Timber Rattlers : RHP J.D. Ingerman
Batting: RHB Chris Makar 0-0: Ball
1-0: Called Strike
1-1: Foul Ball, location: 2F
1-2: Foul Ball, location: 5SF
1-2: Strikes out swinging
Batting: LHB Craig Svare 0-0: Foul Ball, location: 9LMF
0-1: Called Strike
0-2: Ball
1-2: Ball
2-2: SINGLE (Line Drive, 7S, EV 108.1 MPH)
Batting: LHB Chris Taylor 0-0: Ball
1-0: Foul Ball, location: 7LSF
1-1: TRIPLE (Flyball, 89XD, EV 105.0 MPH)
Craig Svare scores
Batting: RHB Justin Hagwood 0-0: Foul Ball, location: 2F
0-1: Ball
1-1: Called Strike
1-2: Ground out 4-3 (Groundball, 4, EV 88.1 MPH)
Chris Taylor scores
Batting: RHB David Salinas 0-0: Called Strike
0-1: Foul Ball, location: 2F
0-2: Ball
1-2: Ball
2-2: Ball
3-2: Strikes out swinging
Top of the 3rd over - 2 runs, 2 hits, 0 errors, 0 left on base; Beloit 2 - Wisconsin 8
BOTTOM OF THE 3RD
Wisconsin Timber Rattlers batting - Pitching for Beloit Snappers : RHP Alex Medrano
Batting: LHB Ben Sylvain 0-0: Called Strike
0-1: Foul Ball, location: 3FF
0-2: Foul Ball, location: 2F
0-2: Ground out 4-3 (Groundball, 4, EV 83.8 MPH)
Batting: RHB John Taira 0-0: Called Strike
0-1: Ball
1-1: Ball
2-1: SINGLE (Line Drive, 4M, EV 98.1 MPH)
Batting: LHB Tyler Simpson 0-0: Called Strike
0-1: Called Strike
0-2: Ball
1-2: Ball
2-2: Ball
3-2: Grounds into double play, 4-6-3 (Groundball, 4, EV 90.0 MPH)
Bottom of the 3rd over - 0 runs, 1 hit, 0 errors, 0 left on base; Beloit 2 - Wisconsin 8
TOP OF THE 4TH
Beloit Snappers batting - Pitching for Wisconsin Timber Rattlers : RHP J.D. Ingerman
Batting: SHB Keith Lirette 0-0: Called Strike
0-1: Ball
1-1: Fly out, F7 (Flyball, 7S, EV 90.6 MPH)
Batting: RHB Curt Lowery 0-0: Ball
1-0: Called Strike
1-1: Called Strike
1-2: Foul Ball, location: 9LDF
1-2: Ground out 6-3 (Groundball, 56, EV 81.3 MPH)
Batting: LHB Andres Rivera 0-0: Called Strike
0-1: Ball
1-1: Ground out 1-3 (Groundball, 23, EV 66.3 MPH)
Top of the 4th over - 0 runs, 0 hits, 0 errors, 0 left on base; Beloit 2 - Wisconsin 8
BOTTOM OF THE 4TH
Wisconsin Timber Rattlers batting - Pitching for Beloit Snappers : RHP Alex Medrano
Batting: LHB Bill Kruzich 0-0: Called Strike
0-1: Ball
1-1: Foul Ball, location: 2F
1-2: Ball
2-2: Foul Ball, location: 2F
2-2: Ball
3-2: SOLO HOME RUN (Flyball, 89XD, EV 103.1 MPH), Distance : 412 ft
Batting: SHB Kevin Warren 0-0: Ball
1-0: Ball
2-0: Ball
3-0: Called Strike
3-1: Foul Ball, location: 3SF
3-2: Fly out, F9 (Flyball, 9, EV 100.6 MPH)
Batting: LHB James Fortson 0-0: Foul Ball, location: 2F
0-1: Foul Ball, location: 25F
0-2: Ground out 4-3 (Groundball, 4, EV 101.3 MPH)
Batting: LHB Mike Earls 0-0: Ball
1-0: Ball
2-0: Ball
3-0: Base on Balls
Batting: RHB Chris Law 0-0: Ball
1-0: Ball
2-0: Called Strike
2-1: SINGLE (Line Drive, 6D, EV 99.4 MPH)
Mike Earls to second
Batting: SHB Jamel Cook 0-0: Ball
1-0: Ball
2-0: Called Strike
2-1: SINGLE (Line Drive, 6D, EV 97.5 MPH)
Mike Earls to third
Chris Law to second
Runner from 3rd tries for Home, SAFE, throw by CF to home
Pitching: RHP Steve Ross
Batting: LHB Ben Sylvain 0-0: Called Strike
0-1: Ball
1-1: Ball
2-1: SINGLE (Flyball, 78S, EV 95.6 MPH)
Chris Law to third
Jamel Cook to second
Runner from 3rd tries for Home, SAFE, throw by LF to home
Batting: RHB John Taira 0-0: Ball
1-0: DOUBLE (Line Drive, 9LM, EV 103.8 MPH)
Jamel Cook scores
Ben Sylvain to third
Runner from 3rd tries for Home, SAFE, throw by RF to trailing runner, SAFE at third!
Batting: LHB Tyler Simpson 0-0: Ball
1-0: Ball
2-0: Fly out, F3 (Popup, 34, EV 66.3 MPH)
Bottom of the 4th over - 5 runs, 5 hits, 0 errors, 1 left on base; Beloit 2 - Wisconsin 13
TOP OF THE 5TH
Beloit Snappers batting - Pitching for Wisconsin Timber Rattlers : RHP J.D. Ingerman
Batting: SHB Dave Feltham 0-0: Called Strike
0-1: Ball
1-1: Ball
2-1: Foul Ball, location: 2F
2-2: Ground out 5-3 (Groundball, 56, EV 98.8 MPH)
Batting: RHB Chris Makar 0-0: Ball
1-0: Ball
2-0: Foul Ball, location: 2F
2-1: Swinging Strike
2-2: Strikes out swinging
Batting: LHB Craig Svare 0-0: Ball
1-0: Ball
2-0: Fly out, F8 (Flyball, 89M, EV 94.4 MPH)
Top of the 5th over - 0 runs, 0 hits, 0 errors, 0 left on base; Beloit 2 - Wisconsin 13
BOTTOM OF THE 5TH
Wisconsin Timber Rattlers batting - Pitching for Beloit Snappers : RHP Steve Ross
Batting: LHB Bill Kruzich 0-0: Ground out 4-3 (Groundball, 4S, EV 86.9 MPH)
Batting: SHB Kevin Warren 0-0: Called Strike
0-1: Ground out 3-1 (Groundball, 34, EV 85.0 MPH)
Batting: LHB James Fortson 0-0: Foul Ball, location: 2F
0-1: Foul Ball, location: 2F
0-2: Foul Ball, location: 2F
0-2: SOLO HOME RUN (Flyball, 9LD, EV 94.4 MPH), Distance : 331 ft
Batting: LHB Mike Earls 0-0: Called Strike
0-1: Called Strike
0-2: Strikes out looking
Bottom of the 5th over - 1 run, 1 hit, 0 errors, 0 left on base; Beloit 2 - Wisconsin 14
TOP OF THE 6TH
Beloit Snappers batting - Pitching for Wisconsin Timber Rattlers : RHP J.D. Ingerman
Batting: LHB Chris Taylor 0-0: Called Strike
0-1: SINGLE (Flyball, 8RS, EV 90.6 MPH)
Batting: RHB Justin Hagwood 0-0: Foul Ball, location: 9LSF
0-1: Swinging Strike
0-2: Ball
1-2: Strikes out swinging
Batting: RHB David Salinas 0-0: Called Strike
0-1: Called Strike
0-2: Strikes out looking
Batting: SHB Keith Lirette 0-0: SINGLE (Line Drive, 8RS, EV 90.6 MPH)
Chris Taylor to second
Batting: RHB Curt Lowery 0-0: Ball
1-0: Ball
2-0: Ball
3-0: Called Strike
3-1: Called Strike
3-2: Fly out, F7 (Flyball, 7, EV 95.0 MPH)
Top of the 6th over - 0 runs, 2 hits, 0 errors, 2 left on base; Beloit 2 - Wisconsin 14
BOTTOM OF THE 6TH
Wisconsin Timber Rattlers batting - Pitching for Beloit Snappers : RHP Steve Ross
Batting: RHB Chris Law 0-0: Foul Ball, location: 5DF
0-1: Foul Ball, location: 2F
0-2: Ball
1-2: Ball
2-2: Strikes out swinging
Batting: SHB Jamel Cook 0-0: Foul Ball, location: 2F
0-1: Ball
1-1: Foul Ball, location: 23FF
1-2: DOUBLE (Flyball, 78XD, EV 99.4 MPH)
Batting: LHB Ben Sylvain 0-0: Ball
1-0: Ball
2-0: Fly out, F5 (Popup, 56S, EV 83.8 MPH)
Batting: RHB John Taira 0-0: Ball
1-0: DOUBLE (Line Drive, 89D, EV 96.9 MPH)
Jamel Cook scores
Batting: LHB Tyler Simpson 0-0: Fly out, F9 (Flyball, 89M, EV 88.1 MPH)
Bottom of the 6th over - 1 run, 2 hits, 0 errors, 1 left on base; Beloit 2 - Wisconsin 15
TOP OF THE 7TH
Beloit Snappers batting - Pitching for Wisconsin Timber Rattlers : RHP J.D. Ingerman
Batting: LHB Andres Rivera 0-0: Called Strike
0-1: Ball
1-1: Foul Ball, location: 7LSF
1-2: Ball
2-2: Fly out, F9 (Flyball, 9S, EV 85.0 MPH)
Batting: SHB Dave Feltham 0-0: Swinging Strike
0-1: Fly out, F7 (Flyball, 7, EV 86.9 MPH)
Batting: RHB Chris Makar 0-0: Foul Ball, location: 7LSF
0-1: Called Strike
0-2: Strikes out swinging
Top of the 7th over - 0 runs, 0 hits, 0 errors, 0 left on base; Beloit 2 - Wisconsin 15
BOTTOM OF THE 7TH
Wisconsin Timber Rattlers batting - Pitching for Beloit Snappers : RHP Steve Ross
Batting: LHB Bill Kruzich 0-0: Ball
1-0: DOUBLE (Flyball, 78D, EV 105.6 MPH)
Pinch Hitting: RHB Zach Ward 0-0: Ball
1-0: Called Strike
1-1: Ball
2-1: Ball
3-1: Foul Ball, location: 25FF
3-2: Base on Balls
Batting: LHB James Fortson 0-0: Ball
1-0: Ball
2-0: Ball
3-0: Base on Balls
Bill Kruzich to third
Zach Ward to second
Batting: LHB Mike Earls 0-0: Foul Ball, location: 3SF
0-1: Ball
1-1: TRIPLE (Flyball, 89XD, EV 100.6 MPH)
Bill Kruzich scores
Zach Ward scores
James Fortson scores
Pitching: RHP Mario Lausell
Pinch Hitting: RHB Jake Motes 0-0: Foul Ball, location: 25F
0-1: Ball
1-1: Ball
2-1: Foul Ball, location: 5F
2-2: Ball
3-2: Foul Ball, location: 2F
3-2: Foul Ball, location: 5FF
3-2: Base on Balls
Batting: SHB Jamel Cook 0-0: Ball
1-0: Ball
2-0: Ball
3-0: Called Strike
3-1: Base on Balls
Jake Motes to second
Batting: LHB Ben Sylvain 0-0: Foul Ball, location: 25F
0-1: Foul Ball, location: 7LDF
0-2: Ball
1-2: Foul Ball, location: 23F
1-2: GRAND SLAM HOME RUN (Flyball, 89XD, EV 103.8 MPH), Distance : 391 ft
Batting: RHB John Taira 0-0: Ball
1-0: Called Strike
1-1: Ground out U3 (Groundball, 34S, EV 79.4 MPH)
Batting: LHB Tyler Simpson 0-0: Foul Ball, location: 5DF
0-1: Ball
1-1: Foul Ball, location: 2F
1-2: Ball
2-2: SINGLE (Line Drive, 5D, EV 96.3 MPH)
Batting: LHB Bill Kruzich 0-0: Fielders Choice at 2nd, 4-6 (Groundball, 4, EV 106.9 MPH)
Batting: RHB Zach Ward 0-0: Swinging Strike
0-1: Called Strike
0-2: Foul Ball, location: 2F
0-2: Ball
1-2: Strikes out swinging
Bottom of the 7th over - 7 runs, 4 hits, 0 errors, 1 left on base; Beloit 2 - Wisconsin 22
TOP OF THE 8TH
Beloit Snappers batting - Pitching for Wisconsin Timber Rattlers : RHP J.D. Ingerman
Now at 1B: Pat Higham
Now at 2B: John Taira
Now at SS: Zach Ward
Batting: LHB Craig Svare 0-0: Called Strike
0-1: Called Strike
0-2: Strikes out swinging
Batting: LHB Chris Taylor 0-0: Ball
1-0: Foul Ball, location: 7LDF
1-1: Swinging Strike
1-2: Foul Ball, location: 2RF
1-2: Strikes out swinging
Batting: RHB Justin Hagwood 0-0: Ball
1-0: Ball
2-0: Called Strike
2-1: Foul Ball, location: 2F
2-2: Strikes out swinging
Top of the 8th over - 0 runs, 0 hits, 0 errors, 0 left on base; Beloit 2 - Wisconsin 22
BOTTOM OF THE 8TH
Wisconsin Timber Rattlers batting - Pitching for Beloit Snappers : RHP Mario Lausell
Batting: LHB James Fortson 0-0: Called Strike
0-1: Called Strike
0-2: Ball
1-2: Foul Ball, location: 2LF
1-2: Fly out, F7 (Flyball, 7, EV 90.6 MPH)
Batting: LHB Mike Earls 0-0: Called Strike
0-1: Ball
1-1: Ball
2-1: Foul Ball, location: 23F
2-2: Ball
3-2: Foul Ball, location: 2F
3-2: Foul Ball, location: 2F
3-2: Foul Ball, location: 9LMF
3-2: Base on Balls
Batting: RHB Pat Higham 0-0: Called Strike
0-1: Foul Ball, location: 5DF
0-2: Ball
1-2: Foul Ball, location: 23F
1-2: Ball
2-2: Foul Ball, location: 9LSF
2-2: Foul Ball, location: 2F
2-2: Foul Ball, location: 9LSF
2-2: Ball
3-2: Strikes out looking
Batting: SHB Jamel Cook 0-0: Ball
1-0: Called Strike
1-1: Ball
2-1: Ball
3-1: Base on Balls
Mike Earls to second
Batting: LHB Ben Sylvain 0-0: Called Strike
0-1: Fly out, F8 (Line Drive, 8LM, EV 95.6 MPH)
Bottom of the 8th over - 0 runs, 0 hits, 0 errors, 2 left on base; Beloit 2 - Wisconsin 22
TOP OF THE 9TH
Beloit Snappers batting - Pitching for Wisconsin Timber Rattlers : RHP J.D. Ingerman
Batting: RHB David Salinas 0-0: Fly out, F7 (Flyball, 7D, EV 103.1 MPH)
Batting: SHB Keith Lirette 0-0: Swinging Strike
0-1: Swinging Strike
0-2: Ball
1-2: Ball
2-2: Foul Ball, location: 7LSF
2-2: Ground out 5-3 (Groundball, 56S, EV 65.0 MPH)
Batting: RHB Curt Lowery 0-0: Called Strike
0-1: Swinging Strike
0-2: Foul Ball, location: 2F
0-2: Strikes out looking
Top of the 9th over - 0 runs, 0 hits, 0 errors, 0 left on base; Beloit 2 - Wisconsin 22
Wednesday, May 8th , 2024 - OOTP Baseball 24.11 Build 85